 Dungeon Crawl Stone Soup version 0.25-a0-513-ge77a69270c (webtiles) character file.

Game seed: 395377059646842431, levelgen mode: deterministic

98 Error4North the Shield-Bearer (level 4, 0/40 HPs)
             Began as a Minotaur Fighter on Feb 17, 2020.
             Killed by nerve-wracking pain
             ... invoked by Grinder
              (13 damage)
             ... while paralysed by Grinder
             ... on level 3 of the Dungeon.
             The game lasted 00:06:10 (1568 turns).

Error4North the Shield-Bearer (Minotaur Fighter)    Turns: 1568, Time: 00:06:11

Health: 0/40       AC: 16    Str: 21    XL:     4   Next: 44%
Magic:  3/3        EV:  2    Int:  5    God:
Gold:   180        SH:  0    Dex: 10    Spells: 3/3 levels left

rFire    . . .     SeeInvis .   a - +0 war axe
rCold    . . .     Gourm    .   c - +0 kite shield
rNeg     . . .     Faith    .   h - +0 plate armour
rPois    +         Spirit   .   (helmet restricted)
rElec    .         Reflect  .   (no cloak)
rCorr    .         Harm     .   k - +0 pair of gloves
MR       .....                  m - +2 pair of boots
Stlth    ..........             (no amulet)
HPRegen  0.13/turn              i - ring of poison resistance
MPRegen  0.08/turn              (no ring)

@: paralysed
A: retaliatory headbutt, horns 2
a: no special abilities


You were on level 3 of the Dungeon.
You were hungry.

You visited 1 branch of the dungeon, and saw 3 of its levels.

You collected 180 gold pieces.

Inventory:

Hand Weapons
 a - a +0 war axe (weapon)
Armour
 c - a +0 kite shield (worn)
 h - a +0 plate armour (worn)
 k - a +0 pair of gloves (worn)
 m - a +2 pair of boots (worn)
Jewellery
 i - a ring of poison resistance (left hand)
 q - a cursed ring of attention {unknown}
Scrolls
 b - a scroll of remove curse {unknown}
 l - a scroll of noise {unknown}
 n - a scroll of random uselessness {unknown}
 o - 3 scrolls of teleportation {unknown}
 p - a scroll of identify {unknown}
Potions
 d - 2 potions of might
 e - a potion of curing {unknown}
 g - a potion of lignification {unknown}
Comestibles
 f - 3 rations
 j - 4 chunks of flesh


   Skills:
 * Level 4.2 Fighting
 + Level 3.0 Axes
 * Level 4.3 Armour
 + Level 0.2 Dodging
 * Level 5.1 Shields


You had 3 spell levels left.
You didn't know any spells.
Your spell library was empty.

Dungeon Overview and Level Annotations

Branches:
Dungeon (3/15)

Altars:
Nemelex Xobeh

Annotations:
D:3 Grinder


Innate Abilities, Weirdness & Mutations

You reflexively headbutt those who attack you in melee.
You have a pair of horns on your head.


Message History

* * * LOW HITPOINT WARNING * * *
You can move again.
You hit Grinder but do no damage.
Grinder is severely wounded.
Grinder hits you but does no damage.
You hit Grinder.
Grinder is severely wounded.
Grinder barely misses you.
Press: ? - help, v - describe, . - travel
Here: Grinder (severely wounded)
The floor.
You closely miss Grinder. You headbutt Grinder!
Grinder is almost dead.
You block Grinder's attack.
A bat comes into view.
Grinder gestures at you.
You suddenly lose the ability to move!
Grinder gestures at you. Pain shoots through your body!
You die...

#.# #.# # #.# #.# #
#.# #.# #
##.#########.# ## #
#............# .. #
#..########..#####.#
####..#
#........####
)....)#
#.#..b.=..$%..
####.##
#..@####.##### #.#
##5## .# #.# #.# .
#.# #.# .# #.# #.# .
#.# #. ## #.# #. #.


You could see Grinder and a bat.

Vanquished Creatures
  3 adders (D:3)
  2 oozes (D:3)
  A worm (D:2)
  A dart slug (D:2)
  4 orcs (D:3)
  3 giant cockroaches
  7 goblins
  5 hobgoblins
  4 jackals (D:2)
  6 kobolds
  10 bats
  4 frilled lizards
  4 rats
54 creatures vanquished.

Notes
Turn   | Place    | Note
-------+----------+-------------------------------------------
     0 | D:1      | Error4North the Minotaur Fighter began the quest for the
                  | Orb.
     0 | D:1      | Reached XP level 1. HP: 19/19 MP: 0/0
   319 | D:1      | Reached skill level 4 in Shields
   319 | D:1      | Reached XP level 2. HP: 27/27 MP: 1/1
   906 | D:2      | Reached XP level 3. HP: 32/33 MP: 2/2
   922 | D:2      | Found a sparkling altar of Nemelex Xobeh.
  1433 | D:3      | Reached XP level 4. HP: 40/40 MP: 3/3
  1469 | D:3      | Reached skill level 5 in Shields
  1534 | D:3      | Noticed Grinder
  1538 | D:3      | Paralysed by Grinder for 2 turns
  1543 | D:3      | Paralysed by Grinder for 7 turns
  1563 | D:3      | Paralysed by Grinder for 2 turns
  1567 | D:3      | Paralysed by Grinder for 7 turns
  1568 | D:3      | Killed from afar by Grinder

Levels and vault maps discovered:
D:1:      heliophobic_arrival_dark_side_of_the_moon, layout_basic
D:2:      layout_rooms, lemuel_crystal_altar
D:3:      layout_loops_ring, uniq_grinder

Skill      XL: |  1  2  3  4 |
---------------+-------------+-----
Shields        | 4 5 |  5.1
Fighting       | 4 |  4.2
Armour         | 4 |  4.3
Axes           | 3 |  3.0
Dodging        | |  0.2

Action                   |  1- 3 |  4- 6 || total
-------------------------+-------+-------++-------
Melee: War axe           |   127 |    42 ||   169
       Headbutt          |    20 |     5 ||    25
  Eat: Chunk             |     2 |       ||     2
Armor: Scale mail        |     4 |       ||     4
       Plate armour      |   113 |    20 ||   133
Dodge: Dodged            |    35 |     6 ||    41
Block: Kite shield       |    90 |    19 ||   109

Table legend:
 A = Non-vault XP
 B = Vault XP
 C = Vault XP percentage of total XP
 D = Non-vault monster count
 E = Vault monster count
 F = Vault count percentage of total count
                 A         B        C        D         E       F
            +---------+---------+-------+---------+---------+-------
      Total |     141 |       0 |   0.0 |      54 |       0 |   0.0
            +---------+---------+-------+---------+---------+-------
        D:1 |      22 |       0 |   0.0 |      15 |       0 |   0.0
        D:2 |      35 |       0 |   0.0 |      18 |       0 |   0.0
        D:3 |      84 |       0 |   0.0 |      21 |       0 |   0.0
            +---------+---------+-------+---------+---------+-------
